 Dungeon Crawl Stone Soup version 0.31-a0-1612-g4aaf141004 (webtiles) character file.

Game seed: 14749704702013736079

253 ohados the Sneak (level 5, -1/36 (41) HPs)
             Began as a Vampire Brigand on Jan 9, 2024.
             Slain by an orc
             ... wielding a +0 mace
              (3 damage)
             ... on level 3 of the Dungeon.
             The game lasted 00:02:31 (2253 turns).

ohados the Sneak (Vampire Brigand)                  Turns: 2253, Time: 00:02:32

HP:   -1/36 (41)    AC:  7    Str: 10    XL:     5   Next: 90%
MP:   14/14         EV: 11    Int: 14    God:
Gold: 237           SH:  0    Dex: 17    Spells: 4/4 levels left

rFire   . . .        a - +2 dagger
rCold   . . .        (no shield)
rNeg    . . .        i - +0 ring mail
rPois   .            l - +0 helmet
rElec   .            c - +0 cloak
rCorr   .            (no gloves)
SInv    +            (no boots)
Will    .....        (no amulet)
Stlth   +++          o - ring of magical power
HPRegen 0.46/turn    (no ring)
MPRegen 0.14/turn

%: no passive effects
@: healing quickly, heavily drained
A: alive, fangs 3, see invisible, vampiric 2
a: Exsanguinate


You were on level 3 of the Dungeon.
You visited 1 branch of the dungeon, and saw 3 of its levels.

You collected 237 gold pieces.

Inventory:

Hand Weapons
 a - a +2 dagger (weapon)
 g - a +0 hand axe of flaming
 p - a +2 heavy long sword
 q - a +0 whip of draining
Missiles
 d - 9 poisoned darts (quivered)
 e - 3 curare-tipped darts
 r - a throwing net
Armour
 b - a +0 robe
 c - a +0 cloak (worn)
 i - a +0 ring mail (worn)
 k - a +0 leather armour
 l - a +0 helmet (worn)
Jewellery
 o - a ring of magical power (left hand)
Wands
 t - a wand of charming (6)
 u - a wand of light (7)
Scrolls
 j - a scroll of revelation {unknown}
 n - a scroll of torment {unknown}
 s - 2 scrolls of teleportation {unknown}
Potions
 f - a potion of mutation {unknown}
 h - 3 potions of attraction {unknown}
 m - a potion of lignification {unknown}
 v - a potion of heal wounds {unknown}


   Skills:
 + Level 3.2 Fighting
 + Level 3.8 Short Blades
 - Level 1.5 Throwing
 + Level 3.2 Dodging
 + Level 7.5 Stealth


You had 4 spell levels left.
You didn't know any spells.
Your spell library contained the following spells:

 Spells                   Type           Power      Damage    Failure   Level
 Kiss of Death            Conj/Necr      0%         2d5       58%         1
 Confusing Touch          Hex            0%         N/A       92%         3
 Dispel Undead            Necr           0%         3d6       100%        4


Dungeon Overview and Level Annotations

Branches:
Dungeon (3/15)

Altars:

Shops:
D:3 (


Innate Abilities, Weirdness & Mutations

Your natural rate of healing is accelerated.
You have razor-sharp teeth.
You have supernaturally acute eyesight. (SInv)
You are afflicted with vampirism and can become a bat while bloodless.


Message History

The orc is almost dead.
The orc priest invokes the aid of Beogh against you.
Pain shoots through your body! The orc barely misses you.
The orc hits you with a +0 mace.
You are too injured to fight recklessly!
You are too injured to fight recklessly!
You are too injured to fight recklessly!
You are too injured to fight recklessly!
You are too injured to fight recklessly!
You are too injured to fight recklessly!
You are too injured to fight recklessly!
You are too injured to fight recklessly!
You are too injured to fight recklessly!
You are too injured to fight recklessly!
You are too injured to fight recklessly!
You are too injured to fight recklessly!
You are too injured to fight recklessly!
You are too injured to fight recklessly!
You are too injured to fight recklessly!
You are too injured to fight recklessly!
You are too injured to fight recklessly!
Unknown command.
You completely miss the orc. Your bite misses the orc.
The orc is almost dead.
The orc priest hits you but does no damage.
The orc barely misses you. The orc hits you with a +0 whip.
The orc hits you but does no damage.
You hit the orc but do no damage.
The orc is almost dead.
The orc priest invokes the aid of Beogh against you.
Beogh smites you!
* * * LOW HITPOINT WARNING * * *
The orc closely misses you. The orc hits you with a +0 mace.
* * * LOW HITPOINT WARNING * * *
The orc barely misses you.
You hit the orc but do no damage.
The orc is almost dead.
The orc hits you but does no damage. The orc priest barely misses you.
The orc hits you with a +0 mace.
You die...

#.# #.# #.# ######### ##
#####.# #[......# .
......####)# #.. #.
.......##.# ###
#.#####......#
#####.o.?........#######
......o@##.............#
#####..o.#.####)###....#
#o...... ...# #.#...
#.#..........# #....#
..###......##.# ###..#
### #..#...###.# #...
.#.##.## #.. ...# #$# .#
..... .###.#


You could see an orc priest and 3 orcs.

Vanquished Creatures
  Sigmund (D:2)
  4 gnolls
  An adder (D:2)
  2 ribbon worms
  An orc (D:3)
  A ball python (D:3)
  4 bats
  6 endoplasms
  2 giant cockroaches
  4 goblins
  3 hobgoblins
  4 kobolds
  5 quokkas
  2 frilled lizards
  2 rats
42 creatures vanquished.

Notes
Turn   | Place    | Note
-------+----------+-------------------------------------------
     0 | D:1      | ohados the Vampire Brigand began the quest for the Orb.
     0 | D:1      | Reached XP level 1. HP: 16/16 MP: 1/1
   124 | D:1      | Reached skill level 6 in Stealth
   150 | D:1      | Reached XP level 2. HP: 22/22 MP: 2/2
  1168 | D:2      | Gained mutation: You are afflicted with vampirism and can
                  | become a bat while bloodless. [Vampire growth]
  1168 | D:2      | Reached XP level 3. HP: 21/27 MP: 3/3
  1315 | D:2      | Noticed Sigmund
  1398 | D:2      | Killed Sigmund
  1399 | D:2      | Reached skill level 7 in Stealth
  1399 | D:2      | Reached XP level 4. HP: 5/35 MP: 4/4
  1399 | D:2      | Reached XP level 5. HP: 6/41 MP: 5/5
  1979 | D:3      | Found Quplots's Antique Weapon Boutique.
  2253 | D:3      | Slain by an orc

Illustrated notes

Levels and vault maps discovered:
D:1:      nzn_arrival_settlement, layout_loops_ring, serial_forest,
          infiniplex_forest_lined_3, infiniplex_forest_straight_3,
          infiniplex_forest_side_room, infiniplex_forest_clump_small,
          infiniplex_forest_straight_2, infiniplex_forest_lined_room_3,
          minmay_pentomino_o2
D:2:      layout_basic, uniq_sigmund
D:3:      layout_loops_ring, serial_shops, shop

Skill      XL: |  1  2  3 |
---------------+----------+-----
Stealth        | 6 7 |  7.5
Fighting       | 2 3 |  3.2
Dodging        | 3 |  3.2
Short Blades   | 3 |  3.8
Throwing       | |  1.5

Action                     |  1- 3 |  4- 6 || total
---------------------------+-------+-------++-------
  Melee: Dagger            |    67 |    67 ||   134
         Bite              |     7 |     8 ||    15
   Stab: Sleeping          |    10 |     2 ||    12
 Armour: Robe              |     3 |       ||     3
         Ring mail         |    21 |    32 ||    53
  Dodge: Dodged            |    29 |    47 ||    76

Table legend: (Time is in decaauts)
 A = Elapsed time spent in this place.
 B = Non-inter-level travel time spent in this place.
 C = Inter-level travel time spent in this place.
 D = Time resting spent in this place.
 E = Time spent auto-exploring this place.
 F = Levels seen in this place.
 G = Mean time per level.
                   A        B        C        D        E       F      G
               +--------+--------+--------+--------+--------+-----+--------+
         Total |   2234 |   2041 |    193 |    134 |   1496 |   3 |  744.7 |
       Dungeon |   2234 |   2041 |    193 |    134 |   1496 |   3 |  744.7 |
               +--------+--------+--------+--------+--------+-----+--------+

Top non-repeatable levels by time:
     D:1: 1093 daAuts
     D:2: 918 daAuts
     D:3: 222 daAuts
